TOP OF THE 1ST |
Arizona State University Sun Devils batting - Pitching for University of Miami Hurricanes : RHP Zack Young
|
Pitching: RHP Zack Young
|
|
Batting: LHB Josh Corkery
|
0-0: Ground out U3 (Groundball, 3S, EV 91.9 MPH)
|
Batting: RHB Mike Hughes
|
0-0: Called Strike 0-1: Ball 1-1: Ball 2-1: SOLO HOME RUN (Flyball, 7D, EV 103.8 MPH), Distance : 416 ft
|
Batting: RHB Wil Ochoa
|
0-0: Called Strike 0-1: Ball 1-1: Called Strike 1-2: Strikes out swinging
|
Batting: LHB Pedro Garza
|
0-0: Foul Ball, location: 2F 0-1: Ball 1-1: Ball 2-1: Foul Ball, location: 2F 2-2: Ball 3-2: Fly out, F4 (Line Drive, 4, EV 64.4 MPH)
|
Top of the 1st over - 1 run, 1 hit, 0 errors, 0 left on base; Arizona State University 1 - University of Miami 0 |
BOTTOM OF THE 1ST |
University of Miami Hurricanes batting - Pitching for Arizona State University Sun Devils : RHP Adam Karst
|
Pitching: RHP Adam Karst
|
|
Batting: LHB Timotheus Young
|
0-0: Called Strike 0-1: Ball 1-1: Called Strike 1-2: Strikes out swinging
|
Batting: LHB Eric Willis
|
0-0: Ball 1-0: Ball 2-0: Ground out 6-3 (Groundball, 6, EV 99.4 MPH)
|
Batting: LHB Ramon Garduno
|
0-0: Ball 1-0: Ball 2-0: Foul Ball, location: 2F 2-1: Ground out 6-3 (Groundball, 56, EV 102.5 MPH)
|
Bottom of the 1st over - 0 runs, 0 hits, 0 errors, 0 left on base; Arizona State University 1 - University of Miami 0 |
TOP OF THE 2ND |
Arizona State University Sun Devils batting - Pitching for University of Miami Hurricanes : RHP Zack Young
|
Batting: RHB George Wills
|
0-0: Called Strike 0-1: Ball 1-1: Called Strike 1-2: Foul Ball, location: 2F 1-2: Foul Ball, location: 2F 1-2: Strikes out swinging
|
Batting: RHB Fernando Lara
|
0-0: Ground out 1-3 (Groundball, 13S, EV 72.5 MPH)
|
Batting: RHB John Moore
|
0-0: Ball 1-0: Foul Ball, location: 2F 1-1: Ball 2-1: SINGLE (Flyball, 8LS, EV 93.1 MPH)
|
Batting: RHB Liam Thompson
|
0-0: Ball 1-0: DOUBLE (Groundball, 5L, EV 106.3 MPH) John Moore to third Runner from 3rd tries for Home, SAFE, throw by LF to home
|
Batting: LHB Kazuyoshi Ikeda
|
0-0: Hit by Pitch
|
Batting: LHB Josh Corkery
|
0-0: Ball 1-0: Ball 2-0: Called Strike 2-1: SINGLE (Line Drive, 9LS, EV 88.1 MPH) Liam Thompson to third Kazuyoshi Ikeda to second Runner from 3rd tries for Home, SAFE, throw by RF to home
|
Batting: RHB Mike Hughes
|
0-0: Ball 1-0: Foul Ball, location: 2F 1-1: Fielders Choice at 2nd, 6-4 (Groundball, 6, EV 101.9 MPH)
|
Top of the 2nd over - 2 runs, 3 hits, 0 errors, 2 left on base; Arizona State University 3 - University of Miami 0 |
BOTTOM OF THE 2ND |
University of Miami Hurricanes batting - Pitching for Arizona State University Sun Devils : RHP Adam Karst
|
Batting: RHB Cesar Rendon
|
0-0: Foul Ball, location: 2F 0-1: Ball 1-1: Ball 2-1: Ball 3-1: Base on Balls
|
Batting: RHB Dustin Goldsborough
|
0-0: Fly out, F9 (Flyball, 89S, EV 84.4 MPH)
|
Batting: SHB Jason Marano
|
0-0: Fielders Choice at 2nd, 5-4 (Groundball, 56, EV 102.5 MPH)
|
Batting: RHB Juan Medina
|
0-0: Called Strike 0-1: Foul Ball, location: 2F 0-2: Foul Ball, location: 2F 0-2: Strikes out swinging
|
Bottom of the 2nd over - 0 runs, 0 hits, 0 errors, 1 left on base; Arizona State University 3 - University of Miami 0 |
TOP OF THE 3RD |
Arizona State University Sun Devils batting - Pitching for University of Miami Hurricanes : RHP Zack Young
|
Batting: RHB Wil Ochoa
|
0-0: Ball 1-0: Foul Ball, location: 2F 1-1: Ball 2-1: Foul Ball, location: 2F 2-2: Fly out, F5 (Line Drive, 5, EV 64.4 MPH)
|
Batting: LHB Pedro Garza
|
0-0: Called Strike 0-1: Ball 1-1: Called Strike 1-2: Strikes out swinging
|
Batting: RHB George Wills
|
0-0: Called Strike 0-1: Ground out 6-3 (Groundball, 6, EV 81.3 MPH)
|
Top of the 3rd over - 0 runs, 0 hits, 0 errors, 0 left on base; Arizona State University 3 - University of Miami 0 |
BOTTOM OF THE 3RD |
University of Miami Hurricanes batting - Pitching for Arizona State University Sun Devils : RHP Adam Karst
|
Batting: SHB Jose Eureste
|
0-0: Swinging Strike 0-1: SINGLE (Groundball, 6MD, EV 95.0 MPH)
|
Batting: RHB Alex Velasco
|
0-0: Ground out 6-3 (Groundball, 6S, EV 57.5 MPH) Jose Eureste to second
|
Batting: LHB Timotheus Young
|
0-0: Ball 1-0: Foul Ball, location: 2F 1-1: Swinging Strike 1-2: Foul Ball, location: 2F 1-2: Foul Ball, location: 2F 1-2: Foul Ball, location: 2F 1-2: Strikes out looking
|
Batting: LHB Eric Willis
|
0-0: Ball 1-0: Called Strike 1-1: Ball Wild Pitch! Jose Eureste to third 2-1: Called Strike 2-2: Foul Ball, location: 2F 2-2: Ball 3-2: SINGLE (Groundball, 34D, EV 110.6 MPH) Jose Eureste scores
|
Batting: LHB Ramon Garduno
|
0-0: Called Strike 0-1: Called Strike 0-2: Ball Pickoff Throw by Catcher to First - Error! E2 Eric Willis to second 1-2: Ball 2-2: Strikes out looking
|
Bottom of the 3rd over - 1 run, 2 hits, 1 error, 1 left on base; Arizona State University 3 - University of Miami 1 |
TOP OF THE 4TH |
Arizona State University Sun Devils batting - Pitching for University of Miami Hurricanes : RHP Zack Young
|
Batting: RHB Fernando Lara
|
0-0: Called Strike 0-1: Ball 1-1: Ball 2-1: SINGLE (Groundball, 15S, EV 71.9 MPH) (infield hit)
|
Batting: RHB John Moore
|
0-0: Foul Ball, location: 2F 0-1: Ball 1-1: Called Strike 1-2: Strikes out swinging
|
Batting: RHB Liam Thompson
|
0-0: Ball 1-0: DOUBLE (Line Drive, 7LM, EV 101.3 MPH) Fernando Lara to third
|
Batting: LHB Kazuyoshi Ikeda
|
0-0: Ground out U3 (Groundball, 34S, EV 90.0 MPH) Fernando Lara scores Liam Thompson to third
|
Batting: LHB Josh Corkery
|
0-0: Called Strike 0-1: Ball 1-1: Called Strike 1-2: Ball 2-2: Ball 3-2: Base on Balls
|
Batting: RHB Mike Hughes
|
0-0: Ball 1-0: DOUBLE (Flyball, 8LD, EV 101.3 MPH) Liam Thompson scores Josh Corkery to third Runner from 3rd tries for Home, SAFE, no throw by CF
|
Pitching: RHP Winston Dial
|
|
Batting: RHB Wil Ochoa
|
0-0: Fly out, F9 (Flyball, 89S, EV 82.5 MPH)
|
Top of the 4th over - 3 runs, 3 hits, 0 errors, 1 left on base; Arizona State University 6 - University of Miami 1 |
BOTTOM OF THE 4TH |
University of Miami Hurricanes batting - Pitching for Arizona State University Sun Devils : RHP Adam Karst
|
Batting: RHB Cesar Rendon
|
0-0: Called Strike 0-1: Ball 1-1: Foul Ball, location: 2F 1-2: Strikes out swinging
|
Batting: RHB Dustin Goldsborough
|
0-0: Ball 1-0: Fly out, F3 (Popup, 34, EV 67.5 MPH)
|
Batting: SHB Jason Marano
|
0-0: Ground out 6-3 (Groundball, 6, EV 84.4 MPH)
|
Bottom of the 4th over - 0 runs, 0 hits, 0 errors, 0 left on base; Arizona State University 6 - University of Miami 1 |
TOP OF THE 5TH |
Arizona State University Sun Devils batting - Pitching for University of Miami Hurricanes : RHP Winston Dial
|
Batting: LHB Pedro Garza
|
0-0: Ball 1-0: Ball 2-0: Called Strike 2-1: Fly out, F9 (Line Drive, 9, EV 90.6 MPH)
|
Batting: RHB George Wills
|
0-0: Ball 1-0: Ball 2-0: Ball 3-0: Called Strike 3-1: Base on Balls
|
Batting: RHB Fernando Lara
|
0-0: Fly out, F9 (Flyball, 9S, EV 96.3 MPH)
|
Batting: RHB John Moore
|
0-0: Ball 1-0: Ball 2-0: Ball 3-0: Called Strike 3-1: Base on Balls George Wills to second
|
Batting: RHB Liam Thompson
|
0-0: Ball 1-0: Foul Ball, location: 2F 1-1: Fielders Choice at 2nd, 6-4 (Groundball, 6, EV 107.5 MPH)
|
Top of the 5th over - 0 runs, 0 hits, 0 errors, 2 left on base; Arizona State University 6 - University of Miami 1 |
BOTTOM OF THE 5TH |
University of Miami Hurricanes batting - Pitching for Arizona State University Sun Devils : RHP Adam Karst
|
Pitching: RHP Walt Walton
|
|
Batting: RHB Juan Medina
|
0-0: Ball 1-0: Ball 2-0: Ball 3-0: Base on Balls
|
Batting: SHB Jose Eureste
|
0-0: SINGLE (Groundball, 6MD, EV 98.8 MPH) Juan Medina to second
|
Batting: RHB Alex Velasco
|
0-0: Ball 1-0: Swinging Strike 1-1: Foul Ball, location: 2F 1-2: Strikes out swinging
|
Pinch Hitting: RHB Earl Crabtree
|
0-0: Ball 1-0: Fielders Choice at 2nd, 6-4 (Groundball, 6, EV 90.6 MPH) Juan Medina to third
|
Batting: LHB Eric Willis
|
0-0: Called Strike 0-1: Ground out 4-3 (Groundball, 13, EV 86.3 MPH)
|
Bottom of the 5th over - 0 runs, 1 hit, 0 errors, 2 left on base; Arizona State University 6 - University of Miami 1 |
TOP OF THE 6TH |
Arizona State University Sun Devils batting - Pitching for University of Miami Hurricanes : RHP Winston Dial
|
Now in CF: Earl Crabtree
|
|
Batting: LHB Kazuyoshi Ikeda
|
0-0: Ball 1-0: Foul Ball, location: 2F 1-1: Swinging Strike 1-2: SOLO HOME RUN (Line Drive, 9D, EV 97.5 MPH), Distance : 394 ft
|
Pinch Hitting: RHB John Fleming
|
0-0: Ball 1-0: Called Strike 1-1: Ball 2-1: Ball 3-1: Base on Balls
|
Pinch Hitting: SHB Jeff Callagy
|
0-0: Foul Ball, location: 2F 0-1: Ball 1-1: Foul Ball, location: 2F 1-2: Fielders Choice at 2nd, 5-4 (Groundball, 56S, EV 77.5 MPH)
|
Pinch Hitting: LHB Bobby Dunn
|
0-0: Ball 1-0: Fielders Choice at 2nd, 6-4 (Groundball, 6, EV 85.0 MPH)
|
Batting: RHB Jaylen Dixon
|
0-0: Ball 1-0: Ball 2-0: Ball 3-0: Called Strike 3-1: Called Strike 3-2: TRIPLE (Flyball, 7D, EV 99.4 MPH) Bobby Dunn scores
|
Batting: RHB George Wills
|
0-0: Ground out 4-3 (Groundball, 4, EV 102.5 MPH)
|
Top of the 6th over - 2 runs, 2 hits, 0 errors, 1 left on base; Arizona State University 8 - University of Miami 1 |
BOTTOM OF THE 6TH |
University of Miami Hurricanes batting - Pitching for Arizona State University Sun Devils : RHP Walt Walton
|
Now at 2B: John Fleming
|
|
Now at 3B: Jeff Callagy
|
|
Now in CF: Bobby Dunn
|
|
Batting: LHB Ramon Garduno
|
0-0: Called Strike 0-1: Ball 1-1: Called Strike 1-2: Strikes out swinging
|
Batting: RHB Cesar Rendon
|
0-0: Called Strike 0-1: Foul Ball, location: 2F 0-2: Foul Ball, location: 2F 0-2: Reached on error, E6 (Groundball, 6, EV 87.5 MPH)
|
Batting: RHB Dustin Goldsborough
|
0-0: Fly out, F7 (Flyball, 7LM, EV 95.0 MPH)
|
Batting: SHB Jason Marano
|
0-0: Called Strike 0-1: Swinging Strike 0-2: Ball 1-2: SINGLE (Groundball, 56, EV 103.1 MPH) (infield hit) Cesar Rendon to second
|
Batting: RHB Juan Medina
|
0-0: SINGLE (Groundball, 56D, EV 103.8 MPH) Cesar Rendon to third Jason Marano to second
|
Batting: SHB Jose Eureste
|
0-0: Ball 1-0: Called Strike 1-1: SINGLE (Groundball, 4M, EV 102.5 MPH) (infield hit) Cesar Rendon scores Jason Marano to third Juan Medina to second
|
Pinch Hitting: LHB Kiyosumi Yoshioka
|
0-0: Ball Wild Pitch! Jason Marano scores Juan Medina to third Jose Eureste to second 1-0: Fly out, F3 (Flyball, 3D, EV 95.6 MPH)
|
Bottom of the 6th over - 2 runs, 3 hits, 1 error, 2 left on base; Arizona State University 8 - University of Miami 3 |
TOP OF THE 7TH |
Arizona State University Sun Devils batting - Pitching for University of Miami Hurricanes : RHP Winston Dial
|
Now at 2B: Gabresilassie Rashidi
|
|
Pinch Hitting: RHB Yasutaka Yamasaki
|
0-0: Called Strike 0-1: Called Strike 0-2: Foul Ball, location: 2F 0-2: Ball 1-2: Ball 2-2: Fly out, F8 (Flyball, 8LM, EV 82.5 MPH)
|
Batting: RHB John Moore
|
0-0: Ball 1-0: Ground out 6-3 (Groundball, 6, EV 77.5 MPH)
|
Batting: RHB Liam Thompson
|
0-0: Ball 1-0: DOUBLE (Flyball, 78D, EV 90.6 MPH)
|
Pinch Hitting: RHB Jeff Buchanan
|
0-0: Foul Ball, location: 2F 0-1: Called Strike 0-2: Foul Ball, location: 2F 0-2: Ball 1-2: Foul Ball, location: 2F 1-2: Strikes out looking
|
Top of the 7th over - 0 runs, 1 hit, 0 errors, 1 left on base; Arizona State University 8 - University of Miami 3 |
BOTTOM OF THE 7TH |
University of Miami Hurricanes batting - Pitching for Arizona State University Sun Devils : RHP Walt Walton
|
Now in LF: Brent Donahue
|
|
Now in RF: Juan Sarabia
|
|
Batting: RHB Earl Crabtree
|
0-0: Ball 1-0: Ground out 6-3 (Groundball, 6, EV 101.3 MPH)
|
Batting: LHB Eric Willis
|
0-0: Ball 1-0: Called Strike 1-1: Ball 2-1: Ball 3-1: Ground out 6-3 (Groundball, 6, EV 98.1 MPH)
|
Batting: LHB Ramon Garduno
|
0-0: Ball 1-0: Ground out 4-3 (Groundball, 4, EV 88.8 MPH)
|
Bottom of the 7th over - 0 runs, 0 hits, 0 errors, 0 left on base; Arizona State University 8 - University of Miami 3 |
TOP OF THE 8TH |
Arizona State University Sun Devils batting - Pitching for University of Miami Hurricanes : RHP Winston Dial
|
Batting: RHB John Fleming
|
0-0: Ball 1-0: Fly out, F8 (Flyball, 8RS, EV 85.6 MPH)
|
Batting: SHB Jeff Callagy
|
0-0: Ball 1-0: Fly out, F8 (Flyball, 8LS, EV 87.5 MPH)
|
Batting: LHB Bobby Dunn
|
0-0: Called Strike 0-1: Swinging Strike 0-2: Foul Ball, location: 2F 0-2: Foul Ball, location: 2F 0-2: Ball 1-2: Foul Ball, location: 2F 1-2: Foul Ball, location: 2F 1-2: Ball 2-2: Ground out 1-3 (Groundball, 13S, EV 67.5 MPH)
|
Top of the 8th over - 0 runs, 0 hits, 0 errors, 0 left on base; Arizona State University 8 - University of Miami 3 |
BOTTOM OF THE 8TH |
University of Miami Hurricanes batting - Pitching for Arizona State University Sun Devils : RHP Walt Walton
|
Pinch Hitting: RHB Bi-jun Rang
|
0-0: Called Strike 0-1: Ball 1-1: Swinging Strike 1-2: Ball 2-2: Ground out 6-3 (Groundball, 6, EV 86.9 MPH)
|
Batting: RHB Dustin Goldsborough
|
0-0: Fly out, F8 (Flyball, 78D, EV 98.1 MPH)
|
Pinch Hitting: RHB Sergio Villalvoz
|
0-0: Ball 1-0: SINGLE (Line Drive, 6M, EV 101.3 MPH)
|
Pitching: RHP Alard Nolet
|
|
Batting: RHB Daniel Molina
|
0-0: Foul Ball, location: 2F 0-1: Ball 1-1: Ball 2-1: Ball 3-1: Called Strike 3-2: Base on Balls Sergio Villalvoz to second
|
Batting: SHB Jose Eureste
|
0-0: Called Strike 0-1: Called Strike 0-2: Ball 1-2: Strikes out swinging
|
Bottom of the 8th over - 0 runs, 1 hit, 0 errors, 2 left on base; Arizona State University 8 - University of Miami 3 |
TOP OF THE 9TH |
Arizona State University Sun Devils batting - Pitching for University of Miami Hurricanes : RHP Winston Dial
|
Now at SS: Sergio Villalvoz
|
|
Now in LF: Bi-jun Rang
|
|
Batting: RHB Jaylen Dixon
|
0-0: Ball 1-0: Ball 2-0: Called Strike 2-1: Called Strike 2-2: Ground out 5-3 (Groundball, 15, EV 85.6 MPH)
|
Pitching: RHP John Mann
|
|
Pinch Hitting: SHB Yuya Hirata
|
0-0: Ball 1-0: Ball 2-0: Called Strike 2-1: Swinging Strike 2-2: Fly out, F4 (Popup, 4MD, EV 51.3 MPH)
|
Batting: SHB Brent Donahue
|
0-0: Swinging Strike 0-1: Ball 1-1: Called Strike 1-2: Strikes out looking
|
Top of the 9th over - 0 runs, 0 hits, 0 errors, 0 left on base; Arizona State University 8 - University of Miami 3 |
BOTTOM OF THE 9TH |
University of Miami Hurricanes batting - Pitching for Arizona State University Sun Devils : RHP Alard Nolet
|
Now at SS: Armando Soto
|
|
Pinch Hitting: RHB Sayf Masruq
|
0-0: Ball 1-0: Ball 2-0: Foul Ball, location: 2F 2-1: Ball 3-1: Base on Balls
|
Batting: RHB Earl Crabtree
|
0-0: Ball 1-0: Swinging Strike 1-1: Fly out, F9 (Flyball, 9, EV 80.6 MPH)
|
Pinch Hitting: LHB Danny de Leon
|
0-0: Foul Ball, location: 2F 0-1: Ball 1-1: Fly out, F4 (Line Drive, 4, EV 67.5 MPH)
|
Pinch Hitting: RHB Rick Oliver
|
0-0: Called Strike 0-1: Swinging Strike 0-2: Ball 1-2: Ball 2-2: Foul Ball, location: 2F 2-2: Fly out, F9 (Flyball, 9D, EV 90.6 MPH)
|
Bottom of the 9th over - 0 runs, 0 hits, 0 errors, 1 left on base; Arizona State University 8 - University of Miami 3 |
|